 Dungeon Crawl Stone Soup version 0.31-a0-210-gccc998df9b (webtiles) character file.

Game seed: 8124025328257766442

54 Anon1729 the Trooper (level 3, 0/33 HPs)
             Began as a Minotaur Monk on June 30, 2023.
             Slain by Terence
             ... wielding a +0 flail
              (7 damage)
             ... on level 2 of the Dungeon.
             The game lasted 00:00:38 (760 turns).

Anon1729 the Trooper (Minotaur Monk)                 Turns: 760, Time: 00:00:38

Health: 0/33       AC:  5    Str: 15    XL:     3   Next: 66%
Magic:  2/2        EV: 13    Int:  7    God:
Gold:   43         SH:  0    Dex: 14    Spells: 2/2 levels left

rFire   . . .        j - +1 dagger (speed)
rCold   . . .        d - orb {light}
rNeg    . . .        b - +0 robe
rPois   .            (helmet restricted)
rElec   .            (no cloak)
rCorr   .            e - +2 pair of gloves
SInv    .            (no boots)
Will    .....        (no amulet)
Stlth   +            (no ring)
HPRegen 0.25/turn    (no ring)
MPRegen 0.08/turn

%: no passive effects
@: confused, ambrosia-drunk, glowing
A: horns 2, retaliatory headbutt
a: no special abilities


You were on level 2 of the Dungeon.
You visited 1 branch of the dungeon, and saw 2 of its levels.

You collected 43 gold pieces.

Inventory:

Hand Weapons
 a - a +0 short sword
 j - a +1 dagger of speed (weapon)
Armour
 b - a +0 robe (worn)
 d - an orb of light (worn)
 e - a +2 pair of gloves (worn)
Scrolls
 f - 2 scrolls of amnesia {unknown}
 g - a scroll of vulnerability {unknown}
 h - a scroll of teleportation {unknown}
 i - a scroll of identify {unknown}
 k - a scroll of poison {unknown}


   Skills:
 + Level 4.1 Fighting
 + Level 3.7 Short Blades
 + Level 1.5 Armour
 + Level 3.7 Dodging
 + Level 1.2 Invocations


You had 2 spell levels left.
You didn't know any spells.
Your spell library was empty.

Dungeon Overview and Level Annotations

Branches:
Dungeon (2/15)

Altars:

Annotations:
D:2 Terence


Innate Abilities, Weirdness & Mutations

You have a pair of horns on your head.
You reflexively headbutt those who attack you in melee.


Message History

You are too injured to fight recklessly!
You are too injured to fight recklessly!
You are too injured to fight recklessly!
You are too injured to fight recklessly!
You are too injured to fight recklessly!
You are too injured to fight recklessly!
You are too injured to fight recklessly!
You are too injured to fight recklessly!
You are too injured to fight recklessly!
You are too injured to fight recklessly!
You are too injured to fight recklessly!
You are too injured to fight recklessly!
You are too injured to fight recklessly!
You are too injured to fight recklessly!
You are too injured to fight recklessly!
You are too injured to fight recklessly!
You hit Terence but do no damage.
Terence is heavily wounded.
Terence hits you with a +0 flail. The hobgoblin completely misses you.
You hit the hobgoblin.
The hobgoblin is moderately wounded.
Terence closely misses you. The hobgoblin attacks as you move away!
The hobgoblin misses you. You furiously retaliate!
You headbutt the hobgoblin!
You kill the hobgoblin!
Found a dagger.
Terence hits you with a +0 flail.
* * * LOW HITPOINT WARNING * * *
Terence hits you with a +0 flail.
* * * LOW HITPOINT WARNING * * *
The orc attacks as you move away! The orc hits you but does no damage.
The orc attacks as you move away! The orc hits you but does no damage.
Terence barely misses you. You furiously retaliate!
You headbutt Terence.
You are confused.
You feel invigorated.
Terence says, "You're history."
Terence misses you. Terence attacks as you move away!
Terence hits you with a +0 flail.
* * * LOW HITPOINT WARNING * * *
Terence hits you with a +0 flail!
You die...

#.8. #.##......[......
..#..#..###..#.#######
8#...#(..##.###.## #
...(..)....## ##.## #
###..#).....###...####
## #o.###..#.......#
####. #g## $#..#####.#
#.....##@# .#..# #.#
.......@.# ....# #..
#######.<....... # #.#
#.########.#####.# #.#
#.......# #.#
#####.#... #.#
###<......## #.#
#.......... #.#
#.#.###.### #.#.# #.#


You could see Terence (fast), an orc and a goblin.

Vanquished Creatures
  Robin (D:2)
  2 dart slugs (D:1)
  2 orcs (D:2)
  An endoplasm (D:1)
  A giant cockroach (D:1)
  8 hobgoblins
  A quokka (D:1)
  2 ball pythons (D:1)
  2 bats (D:1)
  2 frilled lizards (D:1)
  9 goblins (D:2)
  4 kobolds (D:1)
35 creatures vanquished.

Notes
Turn   | Place    | Note
-------+----------+-------------------------------------------
     0 | D:1      | Anon1729 the Minotaur Monk began the quest for the Orb.
     0 | D:1      | Reached XP level 1. HP: 19/19 MP: 0/0
   117 | D:1      | Reached XP level 2. HP: 27/27 MP: 1/1
   223 | D:1      | Reached skill level 1 in Armour
   616 | D:2      | Noticed Robin
   621 | D:2      | Reached skill level 1 in Invocations
   621 | D:2      | Reached XP level 3. HP: 26/33 MP: 2/2
   624 | D:2      | Reached skill level 4 in Fighting
   632 | D:2      | Killed Robin
   735 | D:2      | Noticed Terence
   760 | D:2      | Slain by Terence

Illustrated notes

Levels and vault maps discovered:
D:1:      dpeg_arrival_pond, layout_basic
D:2:      layout_loops_ring, minmay_misc_feat_more_columns,
          guppyfry_early_orc_mine, uniq_robin, uniq_natasha, uniq_terence

Skill      XL: |  1  2  3 |
---------------+----------+-----
Armour         | 1 |  1.5
Invocations    | 1 |  1.2
Fighting       | 4 |  4.1
Short Blades   | |  3.7
Dodging        | |  3.7

Action                     || total
---------------------------++-------
  Melee: Short sword       ||    64
         Headbutt          ||    24
         Dagger            ||    18
    Use: Potion            ||     1
 Armour: Robe              ||    17
  Dodge: Dodged            ||    55

Table legend: (Time is in decaauts)
 A = Elapsed time spent in this place.
 B = Non-inter-level travel time spent in this place.
 C = Inter-level travel time spent in this place.
 D = Time resting spent in this place.
 E = Time spent auto-exploring this place.
 F = Levels seen in this place.
 G = Mean time per level.
                   A        B        C        D        E       F      G
               +--------+--------+--------+--------+--------+-----+--------+
         Total |    740 |    691 |     49 |      0 |    533 |   2 |  370.0 |
       Dungeon |    740 |    691 |     49 |      0 |    533 |   2 |  370.0 |
               +--------+--------+--------+--------+--------+-----+--------+

Top non-repeatable levels by time:
     D:1: 595 daAuts
     D:2: 145 daAuts
